 Dungeon Crawl Stone Soup version 0.28-a0-447-g1f95980246 (webtiles) character file.

Game seed: 11647992733600535996

5677 mg7810 the Basher (level 10, -1/84 HPs)
             Began as a Purple Draconian Artificer on Sept 12, 2021.
             Was a Believer of Nemelex Xobeh.
             Slain by a sixfirhy (10 damage)
             ... on level 1 of the Abyss.
             The game lasted 00:31:15 (9886 turns).

mg7810 the Basher (Purple Draconian Artificer)      Turns: 9886, Time: 00:31:17

Health: -1/84      AC: 13    Str: 16    XL:     10   Next: 47%
Magic:  13/13      EV: 13    Int: 14    God:    Nemelex Xobeh [**....]
Gold:   497        SH:  0    Dex: 11    Spells: 9/9 levels left

rFire   . . .      SeeInvis +   A - +2 flail (distort)
rCold   . . .      Faith    +   (no shield)
rNeg    . . .      Spirit   .   (armour unavailable)
rPois   +          Reflect  .   (helmet restricted)
rElec   .          Harm     .   B - +0 cloak
rCorr   .          Rampage  .   (no gloves)
Will    .....                   l - +0 pair of boots
Stlth   ++........              m - amulet of the Dolphin {Faith rPois Will- Regen+ SInv}
HPRegen 1.24/turn               q - +4 ring of protection
MPRegen 0.13/turn               z - ring of poison resistance

@: no status effects
A: breathe power, AC +7, unfitting armour, cold-blooded
a: Breathe Dispelling Energy, Renounce Religion, Draw Escape, Draw Destruction,
Draw Summoning


You were on level 1 of the Abyss.
You worshipped Nemelex Xobeh.
Nemelex Xobeh was pleased with you.
You visited 2 branches of the dungeon, and saw 10 of its levels.
You visited the Abyss 1 time.

You collected 497 gold pieces.

Inventory:

Hand Weapons
 t - a +2 dire flail of draining
 A - a +2 flail of distortion (weapon)
Missiles
 y - 27 poisoned darts (quivered)
 F - 3 boomerangs
Armour
 l - a +0 pair of boots (worn)
 B - a +0 cloak (worn)
Jewellery
 a - a ring of willpower
 g - an amulet of reflection
 k - an amulet of the acrobat
 m - the amulet of the Dolphin (around neck) {Faith rPois Will- Regen+ SInv}
   (You acquired it on level 8 of the Dungeon)

   [amulet of faith]

   It allows you to gain divine favour quickly.
   rPois:     It protects you from poison.
   SInv:      It lets you see invisible.
   Regen:     It increases your rate of health regeneration.
   Will:      It decreases your willpower.
 q - a +4 ring of protection (left hand)
 z - a ring of poison resistance (right hand)
Wands
 b - a wand of flame (47)
 c - a wand of charming (1)
 d - a wand of iceblast (10)
 C - a wand of paralysis (9)
 E - a wand of digging (4)
 G - a wand of polymorph (4)
Scrolls
 e - a scroll of enchant weapon {unknown}
 h - a scroll of brand weapon {unknown}
 n - 2 scrolls of summoning {unknown}
 o - a scroll of torment {unknown}
 u - 2 scrolls of teleportation
 x - 3 scrolls of enchant armour {unknown}
 D - a scroll of holy word
Potions
 f - 2 potions of invisibility
 i - 2 potions of heal wounds
 j - 2 potions of curing
 p - 3 potions of lignification
 r - a potion of degeneration {unknown}
 s - a potion of attraction {unknown}
 w - 3 potions of might
Miscellaneous
 v - a piece from Xom's chessboard (14/15)


   Skills:
 * Level 6.7 Fighting
 * Level 9.8 Maces & Flails
 + Level 1.5 Throwing
 + Level 4.6 Dodging
 + Level 3.3 Stealth
 * Level 5.2 Unarmed Combat
 * Level 4.9 Invocations
 * Level 6.5 Evocations


You had 9 spell levels left.
You didn't know any spells.
Your spell library contained the following spells:

 Spells                   Type           Power      Damage    Failure   Level
 Corpse Rot               Necr/Air       N/A        N/A       41%         2
 Poisonous Vapours        Pois/Air       0%         N/A       41%         2
 Dazzling Flash           Conj/Hex       0%         N/A       65%         3
 Gell's Gravitas          Tloc           0%         N/A       65%         3
 Lesser Beckoning         Tloc           0%         N/A       65%         3
 Summon Ice Beast         Ice/Summ       0%         N/A       96%         4
 Agony                    Necr           0%         N/A       100%        5
 Silence                  Hex/Air        0%         N/A       100%        5
 Summon Mana Viper        Hex/Summ       0%         N/A       100%        5
 Simulacrum               Ice/Necr       0%         N/A       100%        6
 Malign Gateway           Summ/Tloc      0%         N/A       100%        7
 Monstrous Menagerie      Summ           0%         N/A       100%        7


Dungeon Overview and Level Annotations

Branches:
Dungeon (9/15)             Temple (1/1) D:4
   Lair: D:8-11         Orc: D:9-12

Altars:
Ashenzari
Cheibriados
Dithmenos
Elyvilon
Fedhas
Gozag
Kikubaaqudgha
Makhleb
Nemelex Xobeh
Okawaru
Qazlal
Ru
Sif Muna
Trog
Uskayaw
Vehumet
Wu Jian
Xom
Zin
The Shining One

Shops:
D:6 *


Innate Abilities, Weirdness & Mutations

You can breathe bolts of dispelling energy.
Your rich purple scales are hard. (AC +7)
You cannot fit into any form of body armour.
You are cold-blooded and may be slowed by cold attacks.


Message History

The sixfirhy misses you.
Your killer bee misses the sixfirhy.
The human barely misses you.
Your killer bee barely misses the sixfirhy.
You hit the sixfirhy.
The sixfirhy is heavily wounded.
The sixfirhy blinks!
The human hits you.
You hit the human.
Space warps horribly around the human!!
You kill the human!
Your killer bee misses the sixfirhy.
A large abomination comes into view.
Your killer bee stings the sixfirhy.
The sixfirhy hits you but does no damage.
The large abomination hits your killer bee!!
Your killer bee dies!
Your killer bee's corpse disappears in a puff of smoke!
The sixfirhy closely misses you. The sixfirhy hits you.
The sixfirhy shocks you!
* * * LOW HITPOINT WARNING * * *
You draw a card...
You have drawn the Swarm.
The deck of cards disappears without a trace.
The sixfirhy looks more healthy.
Your killer bee closely misses the sixfirhy.
Your killer bee completely misses the sixfirhy.
Your killer bee misses the sixfirhy.
The sixfirhy hits your killer bee! The sixfirhy shocks your killer bee!
Your killer bee dies!
Your killer bee's corpse disappears in a puff of smoke!
Your killer bee misses the sixfirhy.
The sixfirhy barely misses you.
Your killer bee stings the sixfirhy.
The sixfirhy is poisoned.
Your killer bee poisons the sixfirhy!
Your killer bee closely misses the sixfirhy.
The sixfirhy closely misses you.
Your killer bee completely misses the sixfirhy.
The sixfirhy misses you.
Your killer bee closely misses the sixfirhy.
The sixfirhy hits you!
* * * LOW HITPOINT WARNING * * *
The sixfirhy shocks you!
You die...
Your body disappears without a glow.

#.#..#.#....##..#.#
......#......§ .###
##...#.... . . #.
..##.#..## .#. ..#
#...yX.##....#..
....###.##...# .
.... #yyy.##.#..#.
.#.#..#3.§...## ...
. . #..#@##....#. .
#.# # #..##.... .#.
#.. .#...#.#.#. ..
.. #...#. .. .
...#.##..# #. ..#.
§## ###.# # .


You could see a large abomination, a sixfirhy (poisoned, ally target) and 4
friendly killer bees.

Vanquished Creatures
  A two-headed ogre (D:8)
  Pikel (D:5)
  Maurice (D:9)
  Maggie (D:8)
  An unseen horror (D:7)
  Grinder (D:6)
  A human (shapeshifter) (Abyss:1)
  A yak (D:8)
  Edmund (D:4)
  Duvessa (D:5)
  4 water moccasins
  A black bear (D:8)
  A centaur (D:9)
  3 ogres
  2 bullfrogs (D:8)
  2 scorpions (D:5)
  Dowan (D:5)
  A wyvern skeleton (D:6)
  6 howler monkeys
  A centaur zombie (D:4)
  A jelly (D:6)
  A hound (D:6)
  5 orc priests
  A centaur skeleton (D:7)
  3 iguanas
  Ijyb (D:5)
  6 orc wizards
  A killer bee zombie (D:7)
  An ogre zombie (D:9)
  9 gnolls
  A howler monkey skeleton (D:6)
  7 adders
  3 white imps
  An ufetubus (D:5)
  A dart slug (D:1)
  11 orcs
  7 endoplasms
  2 giant cockroaches (D:2)
  4 goblins
  5 hobgoblins
  9 jackals (D:2)
  2 quokkas
  4 ball pythons
  2 bats (D:1)
  3 frilled lizards
  A kobold (D:2)
  An orc zombie (D:9)
  A rat (D:2)
126 creatures vanquished.

Vanquished Creatures (collateral kills)
  4 yaks (D:8)
  An orc priest (D:7)
  2 gnolls (D:6)
  An orc (D:7)
  A jackal (D:2)
  3 ball pythons (D:2)
12 creatures vanquished.

Vanquished Creatures (others)
  An orc priest (D:3)
  A gnoll shaman (D:6)
  4 plants
6 creatures vanquished.

Grand Total: 144 creatures vanquished

Notes
Turn   | Place    | Note
-------+----------+-------------------------------------------
     0 | D:1      | mg7810 the Draconian Artificer began the quest for the Orb.
     0 | D:1      | Reached XP level 1. HP: 16/16 MP: 1/1
   204 | D:1      | Reached XP level 2. HP: 19/23 MP: 2/2
  1122 | D:2      | Found a faded altar of an unknown god.
  1251 | D:2      | Reached XP level 3. HP: 27/28 MP: 3/3
  1331 | D:2      | Reached skill level 1 in Unarmed Combat
  1395 | D:2      | Reached skill level 1 in Maces & Flails
  1835 | D:2      | Reached skill level 1 in Stealth
  2137 | D:2      | Reached XP level 4. HP: 31/35 MP: 4/4
  2362 | D:3      | Reached skill level 2 in Maces & Flails
  3050 | D:3      | Noticed an ogre
  3058 | D:3      | Killed an ogre
  3059 | D:3      | Reached XP level 5. HP: 41/41 MP: 5/5
  3513 | D:4      | Found a burning altar of Makhleb.
  3599 | D:4      | Reached skill level 3 in Maces & Flails
  3799 | D:4      | Noticed Edmund
  3816 | D:4      | Killed Edmund
  3817 | D:4      | Reached XP level 6. HP: 35/50 MP: 6/6
  4050 | D:4      | Reached skill level 4 in Maces & Flails
  4083 | D:4      | Found a staircase to the Ecumenical Temple.
  4341 | Temple   | Entered the Ecumenical Temple
  4581 | Temple   | Became a worshipper of Nemelex Xobeh the Trickster
  4634 | D:5      | Entered Level 5 of the Dungeon
  4932 | D:5      | Got Sif Muna's Papyrus of the Twisted Snowflakes
  4964 | D:5      | Your scales start taking on a rich purple colour.
  4964 | D:5      | Reached XP level 7. HP: 57/57 MP: 7/7
  5131 | D:5      | Reached skill level 5 in Maces & Flails
  5170 | D:5      | Noticed Dowan
  5170 | D:5      | Noticed Duvessa
  5193 | D:5      | Killed Duvessa
  5194 | D:5      | Reached skill level 1 in Invocations
  5226 | D:5      | Killed Dowan
  5495 | D:5      | Noticed Ijyb
  5509 | D:5      | Killed Ijyb
  5773 | D:5      | Noticed Pikel
  5802 | D:5      | Killed Pikel
  5803 | D:5      | Reached skill level 6 in Maces & Flails
  5803 | D:5      | Reached skill level 5 in Evocations
  5803 | D:5      | Reached XP level 8. HP: 27/66 MP: 9/9
  6497 | D:6      | Reached skill level 7 in Maces & Flails
  6772 | D:6      | Found a radiant altar of Vehumet.
  6772 | D:6      | Found a shadowy altar of Dithmenos.
  6860 | D:6      | Reached * piety under Nemelex Xobeh
  6866 | D:6      | Found an ancient bone altar of Kikubaaqudgha.
  6978 | D:6      | Noticed Grinder
  6992 | D:6      | Killed Grinder
  6993 | D:6      | Reached XP level 9. HP: 34/73 MP: 11/11
  7327 | D:6      | Found Ivioj's Overcharged Wands.
  7746 | D:7      | Killed an unseen horror
  7747 | D:7      | Reached skill level 5 in Fighting
  7926 | D:7      | Reached skill level 8 in Maces & Flails
  8237 | D:7      | Received a gift from Nemelex Xobeh
  8323 | D:7      | Found a shimmering altar of Xom.
  8788 | D:8      | Reached ** piety under Nemelex Xobeh
  8874 | D:8      | Reached skill level 9 in Maces & Flails
  9043 | D:8      | Noticed a two-headed ogre
  9048 | D:8      | Killed a two-headed ogre
  9049 | D:8      | Reached XP level 10. HP: 84/84 MP: 13/13
  9094 | D:8      | Reached skill level 1 in Throwing
  9179 | D:8      | Noticed Maggie
  9197 | D:8      | Killed Maggie
  9198 | D:8      | Reached skill level 5 in Unarmed Combat
  9468 | D:8      | Identified a scroll of acquirement
  9468 | D:8      | Acquired the amulet of the Dolphin {Faith rPois Will-
                  | Regen+ SInv}
  9558 | D:9      | Received a gift from Nemelex Xobeh
  9638 | D:9      | Noticed Maurice
  9661 | D:9      | Killed Maurice
  9709 | D:9      | Cast into level 1 of the Abyss (gnoll sergeant)
  9863 | Abyss:1  | Noticed a sixfirhy
  9886 | Abyss:1  | Slain by a sixfirhy

Illustrated notes

Levels and vault maps discovered:
D:1:      dpeg_arrival_three_same_balls, layout_loops_ring
D:2:      layout_loops_cross, hellmonk_ecumenical_altar_run_dry,
          minmay_misc_feat_enclosed, hangedman_glass_teeth,
          minmay_strange_pillars
D:3:      layout_basic
D:4:      layout_loops_ring, bloody_makhleb, minmay_temple_entry_proselytizer,
          minmay_misc_feat_more_columns, uniq_edmund
D:5:      layout_basic, minmay_misc_feat_four_crosses, uniq_pikel, uniq_duvessa,
          uniq_ijyb
D:6:      layout_loops_ring, gammafunk_temple_overflow_pools,
          amcnicky_altar_gilded, nicolae_shop_overcharged_wands, uniq_grinder
D:7:      layout_cave_pools, mainiacjoe_overflow_24_doors
D:8:      layout_loops_ring, serial_bayou_pond_c, uniq_maggie
D:9:      layout_basic, chequers_temple_overflow_statue_of_worship,
          erik_lair_orcish_takeover, zombieorc2_lemuel,
          hangedman_abyss_or_decor_stagger, uniq_maurice
Temple:   regret_index_temple_generic_petals
Abyss:1:  base: D:7, hangedman_cross_veins, hangedman_cross_veins,
          hangedman_abyss_town

Skill      XL: |  1  2  3  4  5  6  7  8  9 10 |
---------------+-------------------------------+-----
Unarmed Combat | 1 2 3 4 5 |  5.2
Maces & Flails | 1 2 3 4 6 7 9 |  9.8
Stealth        | 1 2 3 |  3.3
Fighting       | 2 3 4 6 |  6.7
Dodging        | 3 4 |  4.6
Evocations     | 4 5 6 |  6.5
Invocations    | 2 3 4 |  4.9
Throwing       | 1 |  1.5

Action                   |  1- 3 |  4- 6 |  7- 9 | 10-12 || total
-------------------------+-------+-------+-------+-------++-------
Melee: Mace              |   101 |    53 |       |       ||   154
       Tailslap          |     7 |    14 |    18 |    10 ||    49
       Flail             |       |    41 |   108 |    94 ||   243
       Dire flail        |       |    40 |    77 |       ||   117
       Punch             |       |       |     1 |     1 ||     2
Throw: Dart              |       |       |    11 |       ||    11
Invok: Draw Summoning    |       |       |     1 |     3 ||     4
       Draw Destruction  |       |       |     1 |     1 ||     2
 Abil: Breathe Dispellin |       |       |     3 |       ||     3
Evoke: Wand              |    13 |     5 |    15 |     1 ||    34
       Piece from Xom's  |     2 |     3 |     4 |     1 ||    10
  Use: Scroll            |       |       |     5 |    10 ||    15
       Potion            |       |       |       |     1 ||     1
 Stab: Sleeping          |       |     4 |     3 |       ||     7
       Confused          |       |     1 |       |       ||     1
       Distracted        |       |       |     2 |       ||     2
Armor: Skin              |    37 |    55 |    64 |    46 ||   202
Dodge: Dodged            |   106 |    93 |   136 |    77 ||   412

Table legend: (Time is in decaauts)
 A = Elapsed time spent in this place.
 B = Non-inter-level travel time spent in this place.
 C = Inter-level travel time spent in this place.
 D = Time resting spent in this place.
 E = Time spent auto-exploring this place.
 F = Levels seen in this place.
 G = Mean time per level.
                   A        B        C        D        E       F      G
               +--------+--------+--------+--------+--------+-----+--------+
         Total |   9956 |   9451 |    505 |      0 |   7574 |  11 |  905.1 |
       Dungeon |   9499 |   9057 |    442 |      0 |   7374 |   9 | 1055.4 |
        Temple |    281 |    218 |     63 |      0 |    200 |   1 |  281.0 |
         Abyss |    175 |    175 |      0 |      0 |      0 |   1 |  175.0 |
               +--------+--------+--------+--------+--------+-----+--------+

Top non-repeatable levels by time:
     D:5: 1654 daAuts
     D:2: 1470 daAuts
     D:6: 1274 daAuts
     D:3: 1272 daAuts
     D:7: 1060 daAuts
     D:4: 962 daAuts
     D:8: 819 daAuts
     D:1: 781 daAuts
  Temple: 281 daAuts
     D:9: 204 daAuts
 Abyss:1: 175 daAuts
